Map: Triton LE

Players

TurkeyDano - Winner!

  • Race: Protoss Protoss
  • League: Grandmaster
  • Spawn Location: 5:00

printf

  • Race: Protoss Protoss
  • League: Grandmaster
  • Spawn Location: 11:00

VOD

Have the link to the VOD?

Description

Time

  • Played on: Oct. 20, 2019, 4:28 p.m.
  • Length: 7:01
Show
View Real Time Build Order
Export as new Build Order

TurkeyDano Protoss - Winner!

Build Orders:  

Get SALT Encoding   

  12  0:00  Probe  
  13  0:13  Probe  
  14  0:18  Pylon  
  14  0:25  Probe  
  15  0:36  Gateway  
  15  0:37  Probe  
  16  0:42  Assimilator  
  16  0:49  Probe  
  17  1:01  Probe  
  18  1:14  Probe  
  19  1:26  Zealot (Chrono Boost)  
  19  1:28  Cybernetics Core  
  20  1:42  Gateway  
  20  2:05  Stalker (Chrono Boost)  
  22  2:27  Nexus  
  22  2:46  Pylon  
  22  2:49  Stalker  
  23  3:04  Stalker  
  25  3:13  Assimilator  
  25  3:29  Assimilator  
  25  3:56  Forge  
  25  4:31  Gateway  
  25  4:33  Gateway  
  25  4:58  Stargate  
  25  5:04  Probe  
  22  5:16  Probe  
  23  5:22  Pylon  
  23  5:26  Pylon  
  23  5:30  Pylon, Photon Cannon  
  23  5:38  Void Ray (Chrono Boost)  
  23  5:40  Probe  
  28  5:55  Cybernetics Core  
  28  5:56  Probe  
  29  6:11  Void Ray (Chrono Boost)  
Show
View Real Time Build Order
Export as new Build Order

printf Protoss 

Build Orders: Cannon Rush 

Get SALT Encoding   

  12  0:00  Probe (Chrono Boost)  
  13  0:10  Probe (Chrono Boost)  
  14  0:17  Pylon  
  14  0:22  Probe  
  15  0:35  Probe  
  16  0:37  Forge  
  17  0:53  Pylon  
  16  1:03  Pylon  
  16  1:16  Photon Cannon  
  16  1:17  Gateway  
  16  1:21  Pylon  
  16  1:33  Pylon  
  16  1:51  Photon Cannon  
  16  1:55  Photon Cannon  
  16  1:59  Probe  
  17  2:02  Zealot (Chrono Boost)  
  19  2:19  Photon Cannon  
  19  2:20  Photon Cannon  
  19  2:21  Photon Cannon  
  19  2:36  Photon Cannon  
  18  2:39  Assimilator  
  18  2:46  Cybernetics Core  
  18  2:53  Probe  
  19  3:05  Probe  
  19  3:07  Assimilator  
  20  3:18  Probe  
  21  3:26  Stalker (Chrono Boost)  
  21  3:30  Probe  
  24  3:42  Probe  
  24  3:44  Shield Battery  
  25  3:58  Robotics Facility  
  25  4:00  Pylon, Probe  
  26  4:07  Shield Battery  
  25  4:21  Probe  
  24  4:28  Shield Battery  
  24  4:42  Immortal (Chrono Boost)  
  21  5:17  Probe  
  22  5:26  Stalker (Chrono Boost)  
  24  5:30  Probe  
  25  5:42  Probe  
  26  5:45  Gateway  
  26  5:54  Stalker, Probe  
  29  6:02  Pylon  
  29  6:06  Probe  
  30  6:18  Probe  
  31  6:19  Stargate  
  33  6:43  Shield Battery  
  33  6:46  Shield Battery  
  31  6:50  Pylon  
Tags
 
Add a new tag
Caveats
  • Supply blocks, unpowered buildings, or Contaminate may cause inaccurate times.
  • Supply counts are checked every 10 seconds.